 Dungeon Crawl Stone Soup version 0.19.0-20-gbc5f0c6 (webtiles) character file.

53 grisgris the Slasher (level 3, 0/27 HPs)
             Began as a Demonspawn Gladiator on Nov 16, 2016.
             Slain by an adder (5 damage)
             ... on level 2 of the Dungeon.
             The game lasted 00:03:16 (1386 turns).

grisgris the Slasher (Demonspawn Gladiator)         Turns: 1386, Time: 00:03:16

Health: 0/27       AC:  3    Str: 16    XL:     3   Next: 62%
Magic:  3/3        EV: 13    Int:  9    God:
Gold:   80         SH:  0    Dex: 13    Spells: 0 memorised, 2 levels left

rFire  . . .     SeeInvis .     a - +0 long sword
rCold  + . .     Gourm    .     b - +0 leather armour
rNeg   . . .     Faith    .     (no shield)
rPois  .         Spirit   .     (helmet restricted)
rElec  .         Reflect  .     (no cloak)
rCorr  .         Harm     .     (no gloves)
MR     .....                    (no boots)
Stlth  +.........               (no amulet)
                                (no ring)
                                (no ring)

@: lethally poisoned (0 -> -6)
A: horns 1, cold resistance 1
a: no special abilities


You were on level 2 of the Dungeon.
You were not hungry.

You visited 1 branch of the dungeon, and saw 2 of its levels.

You collected 80 gold pieces.

Inventory:

Hand Weapons
 a - a +0 long sword (weapon)
Missiles
 d - 3 throwing nets (quivered)
Armour
 b - a +0 leather armour (worn)
 c - a +0 helmet
Scrolls
 g - a scroll of identify {unknown}
 i - a scroll of enchant armour {unknown}
 j - a scroll of recharging {unknown}
 k - 2 scrolls of fog {unknown}
 n - 3 scrolls of remove curse {unknown}
 r - a scroll of fear {unknown}
 s - a scroll of amnesia {unknown}
Potions
 e - a potion of magic {unknown}
 m - a potion of invisibility {unknown}
 o - a potion of heal wounds {unknown}
Comestibles
 f - 3 bread rations
 h - a slice of pizza
 l - 2 fruits
 p - a beef jerky
 q - 2 chunks of flesh


   Skills:
 + Level 2.2 Fighting
 + Level 3.4 Long Blades
 - Level 1.7 Throwing
 + Level 0.6 Armour
 + Level 3.1 Dodging
 + Level 0.6 Stealth


You had 2 spell levels left.
You didn't know any spells.

Dungeon Overview and Level Annotations

Branches:
Dungeon (2/15)

Altars:


Innate Abilities, Weirdness & Mutations

You have a pair of small horns on your head.
Your flesh is cold resistant. (rC+)


Message History

The adder completely misses you.
You barely miss the adder.
The adder is heavily wounded.
You feel sick. The adder barely misses you.
You closely miss the adder. Your headbutt misses the adder.
The adder is heavily wounded.
You feel sick. The adder barely misses you. x2
You hit the adder but do no damage. Your headbutt misses the adder.
The adder is heavily wounded.
* * * LOW HITPOINT WARNING * * *
You feel sick. The adder bites you but does no damage. The adder bites you.
* * * LOW HITPOINT WARNING * * *
A frilled lizard comes into view.
* * * LOW HITPOINT WARNING * * *
You feel sick.
The frilled lizard moves out of view.
You closely miss the adder. Your headbutt misses the adder.
The adder is moderately wounded.
* * * LOW HITPOINT WARNING * * *
You feel sick. The adder bites you.
You die...

### .. #. ...
#####.#####.###.....
........S...?... ...
#####.#@##=.###. ... ###
#.......# .# #.# #.. .....#.#.#
.# #.# #.# ##.#
###.##..######.#### #.####
.#.###.##..#.........#
####....##.#...........####.##.#
.....................### #.##.#
....)........###.##.## #.##.#
####........# #.#...######.##.#


You could see an adder.

Vanquished Creatures
  An ooze (D:2)
  A worm (D:2)
  2 dart slugs (D:1)
  A leopard gecko (D:2)
  7 bats
  2 giant cockroaches
  6 goblins
  5 hobgoblins (D:1)
  4 jackals (D:1)
  4 frilled lizards
  4 kobolds
  3 rats
40 creatures vanquished.

Notes
Turn   | Place    | Note
-------+----------+-------------------------------------------
     0 | D:1      | grisgris the Demonspawn Gladiator began the quest for the Orb.
     0 | D:1      | Reached XP level 1. HP: 16/16 MP: 1/1
   427 | D:1      | Gained mutation: Your flesh is cold resistant. (rC+) [demonic ancestry]
   427 | D:1      | Reached XP level 2. HP: 22/22 MP: 2/2
   923 | D:1      | Gained mutation: You have a pair of small horns on your head. [demonic ancestry]
   923 | D:1      | Reached XP level 3. HP: 26/27 MP: 3/3
  1386 | D:2      | Slain by an adder

Skill      XL: |  1  2 |
---------------+-------+-----
Long Blades    | 3 |  3.4
Dodging        | 3 |  3.1
Fighting       | |  2.2
Throwing       | |  1.7
Armour         | |  0.6
Stealth        | |  0.6

Action                   || total
-------------------------++-------
Melee: Long sword        ||   108
       Headbutt          ||     9
 Stab: Sleeping          ||     1
  Eat: Chunk             ||     2
Armor: Leather armour    ||    42
Dodge: Dodged            ||    86
       Rpst.: Long sword ||    25
